 Dungeon Crawl Stone Soup version 0.29.1-1-gd02db6906a (webtiles) character file.

Game seed: 7510024122605503051

44784 croobank the Spry (level 13, 0/69 HPs)
             Began as a Felid Summoner on Sept 14, 2022.
             Was an Initiate of Gozag.
             Slain by an anaconda (2 damage)
             ... led by a naga ritualist
             ... on level 2 of the Snake Pit on Sept 15, 2022.
             The game lasted 05:31:01 (35809 turns).

croobank the Spry (Felid Summoner)                 Turns: 35809, Time: 05:31:01

Health: 0/69       AC:  3    Str: 13    XL:     13   Next: 98%
Magic:  1/28       EV: 29    Int: 21    God:    Gozag
Gold:   1560       SH:  5    Dex: 20    Spells: 7/32 levels left
                                        Lives:  0   Deaths: 4

rFire   + + .      SeeInvis +   (weapon unavailable)
rCold   + + .      Faith    .   (shield unavailable)
rNeg    . . .      Spirit   .   (body armour unavailable)
rPois   +          Reflect  +   (helmet unavailable)
rElec   +          Harm     .   (cloak unavailable)
rCorr   +          Rampage  .   (gloves unavailable)
Will    ++...                   (boots unavailable)
Stlth   +++.......              B - amulet of Wishful Thinking {Reflect Drain Will+ Str+3 Dex+3 SH+5 SInv}
HPRegen 0.21/turn               t - ring of protection from fire
MPRegen 0.21/turn               E - +6 ring of strength

@: mighty, resistant, hasted, constricted, invisible, very quick
A: very small, claws 1, fangs 3, see invisible, speed 1, shaggy fur 3, stealthy
paws, no weapons or thrown items, no armour, multi-lived
a: Renounce Religion, Potion Petition, Call Merchant, Bribe Branch


You were on level 2 of the Snake Pit.
You worshipped Gozag.
Gozag was most pleased with you.
You visited 5 branches of the dungeon, and saw 22 of its levels.
You also visited: Bailey.

You collected 6322 gold pieces.
You spent 1669 gold pieces at shops.
You paid 3093 gold pieces to Gozag.

Inventory:

Jewellery
 b - a +4 ring of protection
 c - a ring of ice
 m - a +6 ring of dexterity
 r - a ring of protection from fire
 t - a ring of protection from fire (left paw)
 u - a ring of resist corrosion
 B - the amulet of Wishful Thinking (around neck) {Reflect Drain Will+ Str+3 Dex+3 SH+5 SInv}
   (You took it off a gnoll in a bailey)

   [amulet of reflection]

   It reflects blocked missile attacks.
   Str:       It affects your strength (+3).
   Dex:       It affects your dexterity (+3).
   SInv:      It lets you see invisible.
   Drain:     It drains your maximum health when unequipped.
   SH:        It affects your SH (+5).
   Will:      It increases your willpower.
 C - a ring of protection from fire
 E - a +6 ring of strength (right paw)
 K - a ring of willpower
 N - the ring of Gocs {rC+ Will+ Int-2 Stlth+}
   (You found it on level 5 of the Lair of Beasts)

   [ring of protection from cold]

   Int:       It affects your intelligence (-2).
   rC:        It protects you from cold.
   Will:      It increases your willpower.
   Stlth:     It makes you more stealthy.
Wands
 a - a wand of charming (9)
 F - a wand of flame (6)
 G - a wand of roots (6)
 H - a wand of digging (15)
Scrolls
 f - 2 scrolls of silence
 j - 5 scrolls of teleportation
 k - 6 scrolls of noise
 l - a scroll of magic mapping
 q - 5 scrolls of amnesia
 J - 3 scrolls of vulnerability
Potions
 d - a potion of flight
 e - 2 potions of invisibility
 g - 3 potions of haste
 h - a potion of berserk rage
 i - 9 potions of curing
 n - a potion of degeneration
 p - 3 potions of brilliance
 s - a potion of lignification
 v - 3 potions of resistance
 w - 3 potions of attraction
 x - a potion of cancellation
 A - a potion of mutation
Miscellaneous
 y - a tin of tremorstones (2/2)


   Skills:
 - Level 15.0 Fighting
 + Level 17.3 Dodging
 - Level 3.8 Stealth
 - Level 10.0 Spellcasting
 - Level 5.0 Hexes
 - Level 13.0 Summonings
 + Level 5.6 Translocations
 + Level 8.4 Air Magic
 - Level 0.6 Evocations


You had 7 spell levels left.
You knew the following spells:

 Your Spells              Type           Power      Damage    Failure   Level
a - Summon Small Mammal   Summ           100%       N/A       1%          1
b - Call Imp              Summ           60%        N/A       1%          2
c - Call Canine Familiar  Summ           60%        N/A       1%          3
d - Summon Guardian Gole  Hex/Summ       48%        N/A       1%          3
e - Summon Lightning Spi  Summ/Air       53%        N/A       1%          4
f - Tukima's Dance        Hex            31%        N/A       2%          3
g - Summon Cactus Giant   Summ           30%        N/A       4%          6
h - Swiftness             Air            46%        N/A       1%          3

Your spell library contained the following spells:

 Spells                   Type           Power      Damage    Failure   Level
 Shock                    Conj/Air       100%       1d9       1%          1
 Slow                     Hex            100%       N/A       1%          1
 Blink                    Tloc           68%        N/A       1%          2
 Static Discharge         Conj/Air       28%        3-7/arc   1%          2
 Airstrike                Air            23%        2d(4-20)  1%          4
 Confusing Touch          Hex            31%        N/A       2%          3
 Summon Forest            Summ/Tloc      24%        N/A       4%          5
 Foxfire                  Conj/Fire      40%        2x1d6     6%          1
 Dazzling Flash           Conj/Hex       42%        N/A       7%          3
 Scorch                   Fire           20%        2d6       10%         2
 Silence                  Hex/Air        19%        N/A       12%         5
 Conjure Flame            Conj/Fire      10%        6-21      19%         3
 Ignite Poison            Fire/Tmut/Pois 10%        N/A       19%         3
 Vampiric Draining        Necr           10%        2d6       19%         3
 Manifold Assault         Tloc           34%        N/A       19%         5
 Iskenderun's Mystic Bla  Conj/Tloc      22%        2d6       21%         4
 Anguish                  Hex/Necr       10%        N/A       22%         4
 Leda's Liquefaction      Hex/Erth       10%        N/A       22%         4
 Lightning Bolt           Conj/Air       14%        1d27      32%         5
 Dispel Undead            Necr           10%        3d9       54%         4
 Flame Wave               Conj/Fire      10%        2d6       54%         4
 Olgreb's Toxic Radiance  Pois           10%        N/A       54%         4
 Sticky Flame             Conj/Fire      10%        2d3       54%         4
 Blade Hands              Tmut           5%         N/A       87%         5
 Lee's Rapid Deconstruct  Erth           5%         3d7*      87%         5
 Haunt                    Necr/Summ      18%        N/A       98%         7
 Starburst                Conj/Fire      5%         6d4       100%        6
 Statue Form              Tmut/Erth      6%         N/A       100%        6
 Enfeeble                 Hex            15%        N/A       100%        7
 Ozocubu's Refrigeration  Ice            5%         4d8       100%        7
 Storm Form               Tmut/Air       14%        N/A       100%        7
 Ignition                 Fire           5%         3d4       100%        8
 Maxwell's Capacitive Co  Air            23%        ∞         100%        8
 Fire Storm               Conj/Fire      5%         8d1       100%        9
 Portal Projectile        Hex/Tloc       Unusable   N/A       N/A         3
 Animate Armour           Summ/Erth      Unusable   N/A       N/A         4

Dungeon Overview and Level Annotations

Branches:
Dungeon (12/15)            Temple (1/1) D:5            Lair (5/5) D:9
  Swamp (0/4) Lair:3        Snake (2/4) Lair:2        Slime (0/5) Lair:5
    Orc (2/2) D:11            Elf (0/3) Orc:2        Bailey (visited)

Altars:
Ashenzari
Cheibriados
Dithmenos
Fedhas
Gozag
Hepliaklqana
Kikubaaqudgha
Makhleb
Nemelex Xobeh
Okawaru
Qazlal
Ru
Sif Muna
Trog
Uskayaw
Vehumet
Wu Jian
Xom
Yredelemnul
Zin
Jiyva
Lugonu

Shops:
D:1 (   D:4 *   D:9 *   D:10 :   Orc:2 (*=[   Lair:2 :

Portals:
Abyss: Lair:5

Annotations:
Lair:1 1 runed translucent door, liarliar's ghost, novice DrWn


Innate Abilities, Weirdness & Mutations

You have sharp claws.
You have razor-sharp teeth.
You have supernaturally acute eyesight. (SInv)
You cover ground quickly. (Speed+)
Your thick and shaggy fur keeps you warm. (AC +3, rC+)
Your paws help you pounce on unaware monsters.
You are incapable of wielding weapons or throwing items.
You cannot wear armour.
You gain extra lives every three experience levels.


Message History

* * * LOW HITPOINT WARNING * * *
The anaconda bites you.
* * * LOW HITPOINT WARNING * * *
The anaconda constricts you.
* * * LOW HITPOINT WARNING * * *
A naga ritualist comes into view. It is wielding a +0 war axe.
Your lightning spire shoots out a bolt of lightning at the anaconda!
The bolt of electricity hits the anaconda. [a] - 810 gold - haste, heal wounds, invisibility and might [b] - 220 gold - haste [c] - 520 gold - haste and resistance Purchase which effect?
You no longer have enough gold to bribe branches to halt enemies' attacks and recruit allies.
You feel yourself speed up.
You feel much better.
You fade into invisibility!
You feel very mighty all of a sudden.
You feel sick. The anaconda completely misses you. The anaconda constricts you.
You block the anaconda's attack. The anaconda constricts you.
You miss the anaconda.
The anaconda is moderately wounded.
You feel sick. The anaconda completely misses you. The anaconda constricts you.
You claw the anaconda!
The anaconda is heavily wounded.
You feel sick.
You are no longer poisoned.
The anaconda bites you!
* * * LOW HITPOINT WARNING * * *
The anaconda constricts you.
* * * LOW HITPOINT WARNING * * *
Your cactus giant hits the anaconda with a +0 giant spiked club! [a] - 648 gold - resistance, might and haste [b] - 476 gold - lignification, might and resistance [c] - 336 gold - brilliance and magic Purchase which effect?
You feel protected.
You feel mightier all of a sudden.
You feel as though your hastened speed will last longer.
The anaconda completely misses you. The anaconda constricts you.
* * * LOW HITPOINT WARNING * * *
The anaconda bites you.
You die...
Your body crumbles into a pile of gold.

# ##^...[# #...
##..$$..##
#...#...$....##
#......).....S##
#..............##
#................#
.................#
.##..............#
#........S@8...#
##.......9SC...#
#...........###
##.........##
#..........
.N.N........
...........
....##......
............#
##.....


You could see a naga sharpshooter (fleeing), an anaconda (unable to see you,
ally target), a naga ritualist, a mana viper (fleeing), a black mamba (unable to
see you), a friendly cactus giant (summoned, sheltered), a friendly guardian
golem (summoned) and a friendly lightning spire (summoned, sheltered).

Vanquished Creatures
  An orc warlord (Orc:2)
  A hydra (Lair:5)
  Sonja (Orc:2)
  A salamander mystic (Snake:2)
  A salamander (Snake:1)
  An elephant (Lair:5)
  A water moccasin (Lair:5)
  A centaur (D:12)
  5 wolves
  4 nameless horrors (Snake:2)
  An electric eel (Lair:4)
  An orc priest (D:8)
  2 orc wizards
  2 orcs
  A ball python (D:3)
  2 bats
  2 giant cockroaches
  A hobgoblin (D:9)
  3 goblins
32 creatures vanquished.

Vanquished Creatures (collateral kills)
  A salamander tyrant (Snake:2)
  2 hydras
  The ghost of Adrian566 the Severer, a journeyman HOMo of Beogh (Orc:1)
  2 anacondas (Snake:1)
  2 two-headed ogres
  3 thrashing horrors (Lair:5)
  2 death yaks (Lair:3)
  An orc high priest (Orc:2)
  4 naga sharpshooters
  Nergalle (Lair:3)
  2 salamander mystics
  A mana viper (Snake:2)
  An oklob plant (Lair:5)
  3 orc knights
  2 salamanders
  3 orc sorcerers (Orc:2)
  3 ugly things (Lair:5)
  Maurice (Orc:1)
  3 cyclopes
  6 elephants
  3 smoke demons (Lair:5)
  9 black mambas
  3 naga magi
  A gargoyle (D:12)
  5 cane toads
  8 komodo dragons
  9 rime drakes
  2 polar bears
  2 ancient zymes (Lair:5)
  3 trolls
  13 blink frogs
  A large abomination (Lair:5)
  2 shadows
  3 wraiths
  2 ynoxinuls (Lair:5)
  2 wyverns
  18 yaks
  A steam dragon (Lair:2)
  A chaos spawn (Lair:5)
  2 basilisks
  5 small abominations (Lair:5)
  7 vampire mosquitoes
  A warg (Orc:2)
  2 acid dragons (D:10)
  13 nagas
  8 water moccasins
  15 orc warriors
  A sky beast (D:6)
  4 black bears
  3 ogres
  48 wolves
  2 centaurs
  A phantom (D:4)
  2 kobold brigands
  Blork the orc (Orc:2)
  11 bullfrogs
  2 killer bees (D:9)
  A howler monkey (D:12)
  3 hounds
  2 jellies (D:6)
  A gnoll bouda (D:9)
  Crazy Yiuf (D:2)
  12 orc priests
  3 iguanas
  15 orc wizards
  A nameless horror (D:2)
  7 adders
  14 gnolls
  2 shadow imps
  A white imp (D:6)
  2 worms (D:4)
  3 dart slugs
  43 orcs
  3 bats
  3 endoplasms
  3 giant cockroaches
  14 goblins
  15 hobgoblins
  2 jackals (D:2)
  3 quokkas
  14 ball pythons
  2 frilled lizards
  16 kobolds
  7 rats
453 creatures vanquished.

Vanquished Creatures (others)
  An orc warlord (Bailey)
  Josephine (D:12)
  An ice dragon (Lair:4)
  Harold (D:12)
  A boulder beetle (D:7)
  A catoblepas (Lair:5)
  Erica (D:12)
  A two-headed ogre (D:12)
  4 death yaks (Lair:3)
  A wizard (D:12)
  Pikel (D:7)
  2 orc knights
  A mana viper (Snake:2)
  An oklob plant (Lair:5)
  A manticore (D:12)
  An elephant (Lair:5)
  3 black mambas
  A gargoyle (D:6)
  2 naga magi (Snake:2)
  A cane toad (Lair:4)
  4 komodo dragons
  A nameless horror (D:9)
  A hornet (D:10)
  A troll (D:12)
  Prince Ribbit (D:7)
  A blink frog (Lair:5)
  A small abomination (Lair:5)
  A vampire (D:12)
  A spriggan (Lair:5)
  A wraith (D:9)
  3 basilisks
  11 yaks
  7 dancing weapons
  A steam dragon (D:9)
  Grum (D:9)
  3 wyverns
  3 vampire mosquitoes
  3 water moccasins
  12 orc warriors
  A black bear (D:4)
  3 ogres
  5 wolves
  2 kobold brigands
  A lemure (D:7)
  A bullfrog (D:7)
  A gnoll sergeant (D:11)
  A necrophage (D:7)
  4 wights (D:8)
  5 killer bees
  A howler monkey (D:12)
  A gnoll bouda (D:7)
  2 orc priests (D:9)
  An iguana (D:9)
  2 orc wizards
  6 gnolls
  An ufetubus (D:7)
  7 orcs
  4 goblins (Bailey)
  5 hobgoblins (Bailey)
  2 kobolds (D:8)
  43 fungi
  85 plants
268 creatures vanquished.

Grand Total: 753 creatures vanquished

Notes
Turn   | Place    | Note
-------+----------+-------------------------------------------
     0 | D:1      | croobank the Felid Summoner began the quest for the Orb.
     0 | D:1      | Reached XP level 1. HP: 7/7 MP: 4/4
    26 | D:1      | Found Veppium's Antique Weapon Boutique.
   388 | D:1      | Reached skill level 3 in Dodging
   421 | D:1      | Reached XP level 2. HP: 11/11 MP: 3/6
   648 | D:1      | Learned a level 2 spell: Call Imp
  1126 | D:1      | Found a faded altar of an unknown god.
  1563 | D:2      | Reached XP level 3. HP: 7/14 MP: 3/7
  1755 | D:2      | Learned a level 3 spell: Call Canine Familiar
  1783 | D:2      | Noticed a nameless horror
  1854 | D:2      | Killed a nameless horror
  1928 | D:2      | Found a runed translucent door.
  1929 | D:2      | Noticed Crazy Yiuf
  3670 | D:3      | Reached XP level 4. HP: 14/18 MP: 4/8
  4641 | D:3      | Reached skill level 1 in Fighting
  4750 | D:3      | Reached XP level 5. HP: 22/22 MP: 7/10
  5209 | D:4      | Found Tutzyg's Elemental Accessories.
  5214 | D:4      | Noticed an ogre
  5220 | D:4      | Learned a level 3 spell: Summon Guardian Golem
  5235 | D:4      | Killed an ogre
  5236 | D:4      | Reached skill level 5 in Summonings
  5299 | D:4      | Bought a wand of flame (8) for 56 gold pieces
  5468 | D:4      | Noticed an ogre
  5480 | D:4      | Killed an ogre
  5481 | D:4      | Gained mutation: You are covered in thick fur. (AC +2)
                  | [Felid growth]
  5481 | D:4      | Reached XP level 6. HP: 27/27 MP: 1/12
  5867 | D:4      | Reached XP level 7. HP: 30/31 MP: 12/14
  6549 | D:4      | Found a basalt altar of Yredelemnul.
  7043 | D:5      | Entered Level 5 of the Dungeon
  7348 | D:5      | Found an ancient bone altar of Kikubaaqudgha.
  7394 | D:5      | Found a hide-covered altar of Uskayaw.
  7533 | D:5      | Found a staircase to the Ecumenical Temple.
  7541 | Temple   | Entered the Ecumenical Temple
  7677 | Temple   | Became a worshipper of Gozag Ym Sagoz the Greedy
  8034 | D:6      | Noticed a gargoyle
  8040 | D:6      | Slain by a killer bee
  8041 | D:6      | Reached XP level 6. HP: 0/28 MP: 8/14
  8058 | D:6      | Reached skill level 5 in Spellcasting
  8058 | D:6      | Reached XP level 7. HP: 19/33 MP: 8/15
  8555 | D:6      | Reached skill level 5 in Fighting
  8687 | D:6      | Killed a gargoyle
  8688 | D:6      | Reached XP level 8. HP: 37/37 MP: 11/17
  9011 | D:7      | Noticed Pikel
  9025 | D:7      | Killed Pikel
  9671 | D:7      | Identified the +0 leather armour of the Sandy God {Harm rF-
                  | rCorr Dex-2}
  9940 | D:7      | Noticed a boulder beetle
  9967 | D:7      | Killed a boulder beetle
  9968 | D:7      | Reached XP level 9. HP: 43/43 MP: 6/20
 10080 | D:7      | Noticed Prince Ribbit
 10124 | D:7      | Killed Prince Ribbit
 11710 | D:9      | Found a flagged portal.
 11742 | Bailey   | Entered a bailey
 11911 | Bailey   | Reached XP level 10. HP: 48/48 MP: 4/23
 11988 | Bailey   | Noticed an orc knight
 12005 | Bailey   | Killed an orc knight
 12310 | Bailey   | Noticed an orc warlord
 12325 | Bailey   | Killed an orc warlord
 12326 | Bailey   | Reached skill level 10 in Summonings
 12415 | Bailey   | Got Gepsig's Almanac of Entrancing Pyromania
 12422 | Bailey   | Learned a level 4 spell: Summon Lightning Spire
 12440 | Bailey   | Identified the amulet of Wishful Thinking {Reflect Drain
                  | Will+ Str+3 Dex+3 SH+5 SInv}
 12665 | D:9      | Learned a level 3 spell: Tukima's Dance
 12763 | D:9      | Noticed a cyclops
 12792 | D:9      | Hit by a large rock thrown by a cyclops
 12793 | D:9      | Reached XP level 9. HP: -17/46 MP: 7/23
 12793 | D:9      | Found a sparkling altar of Nemelex Xobeh.
 12999 | D:9      | Found Jaogeack's Assorted Antiques.
 13013 | D:9      | Noticed a nameless horror
 13020 | D:9      | Killed a nameless horror
 13275 | D:9      | Bought a scroll of silence for 247 gold pieces
 13275 | D:9      | Bought a scroll labelled UXAF GOMOASAA for 26 gold pieces
 13454 | D:9      | Reached XP level 10. HP: 22/50 MP: 13/24
 13476 | D:9      | Noticed Grum
 13528 | D:9      | Killed Grum
 13679 | D:9      | Identified the +3 glaive "Qaxy" {holy, Dex+2}
 13870 | D:9      | Found a staircase to the Lair.
 13997 | D:9      | Found a blossoming altar of Fedhas.
 14567 | D:9      | Reached skill level 10 in Fighting
 14612 | D:10     | Entered Level 10 of the Dungeon
 14853 | D:10     | Found Ajirazu's Self-Improvement Boutique.
 15082 | D:10     | Reached skill level 1 in Hexes
 15276 | D:10     | Found a radiant altar of Vehumet.
 15303 | D:10     | Reached skill level 4 in Dodging
 15507 | D:11     | Reached XP level 11. HP: 54/54 MP: 25/25
 15872 | D:11     | Found a staircase to the Orcish Mines.
 16032 | D:11     | Noticed a two-headed ogre
 16044 | D:11     | Killed a two-headed ogre
 17127 | D:12     | Noticed Josephine
 17519 | Lair:1   | Entered Level 1 of the Lair of Beasts
 17560 | D:9      | Reached skill level 5 in Dodging
 17560 | D:9      | Gained mutation: Your thick and shaggy fur keeps you warm.
                  | (AC +3, rC+) [Felid growth]
 17560 | D:9      | Reached XP level 12. HP: 58/58 MP: 15/26
 18053 | Lair:1   | Noticed a six-headed hydra
 18062 | D:9      | Reached skill level 10 in Spellcasting
 18312 | D:12     | Noticed Harold
 18397 | D:12     | Killed Harold
 18397 | D:12     | Killed Josephine
 18398 | D:12     | Reached skill level 6 in Dodging
 18398 | D:12     | Reached skill level 5 in Hexes
 18505 | D:12     | Noticed a two-headed ogre
 18513 | D:12     | Killed a two-headed ogre
 18842 | D:12     | Noticed Erica
 18877 | D:12     | Killed Erica
 18878 | D:12     | Reached skill level 7 in Dodging
 18974 | D:11     | Learned a level 6 spell: Summon Cactus Giant
 19203 | D:12     | Noticed a two-headed ogre
 19213 | D:12     | Killed a two-headed ogre
 19500 | D:12     | Noticed a centaur warrior
 19854 | D:9      | Learned a level 3 spell: Swiftness
 19859 | D:9      | HP: 3/60 [wolf (3)]
 19859 | D:9      | Slain by a wolf
 19860 | D:9      | Reached XP level 11. HP: -2/55 MP: 25/26
 19943 | D:9      | Reached skill level 8 in Dodging
 19987 | D:9      | Killed a six-headed hydra
 20613 | Lair:1   | Found a runed translucent door.
 20629 | Lair:1   | Noticed liarliar's ghost (novice DrWn)
 20684 | Lair:1   | Identified the +7 great mace "Totyniq" {drain, Int-4 Dex+8}
 20730 | Lair:1   | Reached XP level 12. HP: 60/60 MP: 14/27
 21077 | Lair:2   | Reached skill level 9 in Dodging
 21321 | Lair:2   | You fall into a shaft and drop 1 floor!
 22015 | Lair:2   | Found a staircase to the Snake Pit.
 22435 | D:2      | Killed Crazy Yiuf
 22673 | Lair:3   | Reached skill level 10 in Dodging
 23101 | Lair:3   | Noticed a death yak
 23102 | Lair:3   | Noticed a death yak
 23103 | Lair:3   | Noticed a death yak
 23103 | Lair:3   | Noticed a death yak
 23110 | Lair:3   | Noticed a death yak
 23115 | Lair:3   | Noticed a death yak
 23127 | Lair:3   | Killed a death yak
 23150 | Lair:3   | Killed a death yak
 23152 | Lair:3   | Killed a death yak
 23155 | Lair:3   | Killed a death yak
 23156 | Lair:3   | Killed a death yak
 23160 | Lair:3   | Killed a death yak
 23161 | Lair:3   | Reached skill level 11 in Dodging
 23416 | Lair:3   | Noticed Nergalle
 23428 | Lair:3   | Killed Nergalle
 23429 | Lair:3   | Reached XP level 13. HP: 65/65 MP: 21/28
 23631 | Lair:3   | Found a staircase to the Swamp.
 24236 | Lair:4   | Reached skill level 12 in Dodging
 24569 | Lair:4   | Found a frozen archway.
 24891 | Lair:4   | Found a dark tunnel.
 25984 | Lair:5   | Entered Level 5 of the Lair of Beasts
 26120 | Lair:5   | Reached skill level 13 in Dodging
 26845 | Lair:5   | Found a viscous altar of Jiyva.
 27462 | Lair:5   | Identified the +7 falchion of Discretion {speed, rCorr
                  | Int+2}
 27857 | Lair:5   | Reached skill level 14 in Dodging
 28501 | Lair:5   | Reached XP level 14. HP: 72/72 MP: 20/29
 29182 | Lair:5   | Found a corrupted altar of Lugonu.
 29182 | Lair:5   | Found a one-way gate to the infinite horrors of the Abyss.
 29191 | Lair:5   | Identified the ring of Gocs {rC+ Will+ Int-2 Stlth+}
 29368 | Lair:5   | Found a staircase to the Slime Pits.
 29719 | Orc:1    | Entered Level 1 of the Orcish Mines
 29727 | Orc:1    | Reached skill level 15 in Dodging
 30098 | Orc:1    | Found a runed translucent gate.
 30098 | Orc:1    | Found a runed translucent gate.
 30098 | Orc:1    | Found a runed translucent gate.
 30103 | Orc:1    | Noticed Maurice
 30115 | Orc:1    | Killed Maurice
 30226 | Orc:1    | Noticed Adrian566's ghost (journeyman HOMo)
 30250 | Orc:1    | Killed Adrian566's ghost
 30251 | Orc:1    | Reached skill level 15 in Fighting
 30395 | Orc:2    | Entered Level 2 of the Orcish Mines
 30395 | Orc:2    | Found a staircase to the Elven Halls.
 30565 | Orc:2    | Noticed Blork the orc
 30575 | Orc:2    | Killed Blork the orc
 30796 | Orc:2    | Noticed an orc warlord
 30826 | Orc:2    | Killed an orc warlord
 30998 | Orc:2    | Reached skill level 16 in Dodging
 31013 | Orc:2    | Noticed Sonja
 31056 | Orc:2    | Killed Sonja
 31546 | Orc:2    | Found Qubotisch's Jewellery Shoppe.
 31734 | Orc:2    | Found Jieguta's Antique Armour Shoppe.
 31798 | Orc:2    | Found Ybarreat's General Store.
 31805 | Orc:2    | Bought a scroll of identify for 28 gold pieces
 32201 | Orc:2    | Found Biarim's Antique Weapon Shoppe.
 32521 | Snake:1  | Entered Level 1 of the Snake Pit
 32538 | Lair:2   | Bought an Inescapable Atlas for 544 gold pieces
 32538 | Lair:2   | Bought Sif Muna's Folio of Generation for 768 gold pieces
 32571 | Snake:1  | Found a bloodstained altar of Trog.
 33073 | Snake:1  | Reached skill level 1 in Translocations
 33124 | Snake:1  | HP: 2/73 [salamander mystic/+0 dagger (6)]
 34095 | Snake:1  | Reached skill level 17 in Dodging
 34365 | Snake:1  | Identified the +5 great mace "Ysaex" {antimagic, rPois
                  | Will+ Dex-5}
 34532 | Snake:1  | Upgraded the game from 0.29.1 to 0.29.1-1-gd02db6906a
 35585 | Snake:2  | Reached skill level 5 in Translocations
 35593 | Snake:2  | Slain by a salamander
 35594 | Snake:2  | Reached XP level 13. HP: -1/69 MP: 4/28
 35809 | Snake:2  | HP: 2/69 [constriction[a naga ritualist] (3)]
 35809 | Snake:2  | Slain by an anaconda

Illustrated notes

Levels and vault maps discovered:
D:1:      psy_arrival_spokes, layout_rooms,
          shapermc_ecumenical_altar_mp_urbaneastern, serial_forest,
          infiniplex_forest_lined_room_2, infiniplex_forest_corner_2,
          infiniplex_forest_zigzag_1, infiniplex_forest_lined_room_,
          infiniplex_forest_straight_5, infiniplex_forest_lined_3_way,
          serial_shops, shop, serial_bayou_pond_b, minmay_misc_feat_alley
D:2:      layout_basic, uniq_crazy_yiuf_cottage
D:3:      cheibrodos_greedy_goblins, layout_rooms, minmay_misc_feat_cross
D:4:      layout_layer_cave, lemuel_tele_altar, nicolae_elemental_shop
D:5:      layout_gridville, mainiacjoe_overflow_tiny_flanked,
          lemuel_doored_altar, minmay_temple_entry_glassed_door
D:6:      layout_cave_pools, kennysheep_generic_room_12
D:7:      layout_basic, serial_bayou, serial_bayou_lagoon_a,
          serial_bayou_pond_e, serial_bayou_pond_d, serial_bayou_shore_b,
          uniq_prince_ribbit1, uniq_pikel
D:8:      layout_gridville, chequers_mini_garden
D:9:      layout_stronghold, nemelex_diamond_rough_becter,
          mainiacjoe_overflow_concentric_impassable, minmay_lair_entry_grove,
          serial_shops, shop, enter_bailey_4, uniq_grum
D:10:     layout_rooms, vehumet_crystals, nicolae_shop_self_help
D:11:     layout_loops_corners, orc_0_dummy
D:12:     layout_long_grid, solitary_fountain, sword_in_stone, uniq_josephine
Temple:   nicolae_temple_slightly_damp_pantheon
Lair:1:   layout_misc_corridors, ebering_ghost_reflecting_pool
Lair:2:   layout_misc_corridors, minmay_snake_entry_guardpost_small,
          st_stairs_5, lemuel_fruit_tree
Lair:3:   layout_loops_ring, swamp_mist_pool, gauntlet_entry_generic,
          uniq_nergalle
Lair:4:   layout_cave_shapes, portal_ice_cave_entry_animals_and_master,
          enter_volcano_2, nicolae_quartered_pool_medium,
          grunt_forest_large_clearings, infiniplex_staircase_pool_2
Lair:5:   hellmonk_lair_end_abyssal_woods, layout_hall_layers,
          minmay_slime_entry_oklob_enclosed
Snake:1:  layout_gridlike, basic_altar, grunt_megastairs_1, serial_bayou_shore_b
Snake:2:  layout_grid_shapes, serial_shops, shop, nicolae_coiled_stairwell_up
Orc:1:    layout_diamond_mine, ebering_ghost_rock_garden, uniq_maurice
Orc:2:    grunt_orc_cross, layout_caves, minmay_orc_temple_b, uniq_sonja

Skill      XL: |  1  2  3  4  5  6  7  8  9 10 11 12 13 14 |
---------------+-------------------------------------------+-----
Dodging        | 3 4 8 11 14 17 | 17.3
Stealth        | 3 |  3.8
Fighting       | 1 2 3 5 7 8 10 12 14 15 | 15.0
Spellcasting   | 3 5 7 8 9 10 | 10.0
Summonings     | 5 7 8 9 11 13 | 13.0
Hexes          | 1 3 5 |  5.0
Air Magic      | 7 8 |  8.4
Translocations | 5 |  5.6
Evocations     | |  0.6

Action                   |  1- 3 |  4- 6 |  7- 9 | 10-12 | 13-15 || total
-------------------------+-------+-------+-------+-------+-------++-------
Melee: Unarmed           |    46 |    28 |    15 |    27 |   112 ||   228
       Bite              |     6 |     3 |       |     4 |    15 ||    28
 Cast: Summon Small Mamm |    47 |    35 |    69 |    23 |    36 ||   210
       Call Imp          |    18 |    18 |    27 |    11 |    11 ||    85
       Call Canine Famil |    12 |    18 |    42 |    48 |    45 ||   165
       Summon Guardian G |       |     6 |    45 |    80 |    65 ||   196
       Summon Lightning  |       |       |       |    64 |    49 ||   113
       Tukima's Dance    |       |       |       |     1 |    29 ||    30
       Summon Cactus Gia |       |       |       |    24 |    71 ||    95
       Swiftness         |       |       |       |     4 |     7 ||    11
Invok: Potion Petition   |       |       |       |     1 |     3 ||     4
       Call Merchant     |       |       |       |       |     1 ||     1
Evoke: Wand              |       |     2 |     8 |    18 |    27 ||    55
  Use: Scroll            |     5 |       |    13 |    10 |    17 ||    45
       Potion            |       |       |     2 |     7 |    13 ||    22
 Stab: Distracted        |       |       |       |       |     3 ||     3
       Sleeping          |       |       |       |       |     1 ||     1
       Betrayed ally     |       |       |       |       |     1 ||     1
Armor: Skin              |     6 |     2 |     6 |     2 |    10 ||    26
Dodge: Dodged            |    63 |    38 |    64 |   180 |   287 ||   632
Block: Other             |       |       |     2 |    29 |    59 ||    90
       Reflection        |       |       |       |     8 |     3 ||    11
